 Dungeon Crawl Stone Soup version 0.22.1-1-ga44c0e56f4 (webtiles) character file.

670 JustaMe the Ruffian (level 7, -3/62 HPs)
             Began as a Troll Wizard on Sept 23, 2018.
             Succumbed to Duvessa's poison
             ... on level 4 of the Dungeon.
             The game lasted 00:20:24 (3241 turns).

JustaMe the Ruffian (Troll Wizard)                  Turns: 3241, Time: 00:20:24

Health: -3/62      AC:  5    Str: 21    XL:     7   Next: 32%
Magic:  9/9        EV: 10    Int: 14    God:
Gold:   178        SH:  0    Dex:  9    Spells: 9/10 levels left

rFire    . . .     SeeInvis .   u - +4 scythe (slice)
rCold    . . .     Gourm    +   (shield currently unavailable)
rNeg     . . .     Faith    .   a - +0 robe
rPois    .         Spirit   .   b - +0 hat
rElec    .         Reflect  .   (no cloak)
rCorr    .         Harm     .   (gloves unavailable)
MR       .....                  (boots unavailable)
Stlth    +.........             g - amulet of the acrobat (curse)
HPRegen  0.60/turn              o - +4 ring of strength
MPRegen  0.11/turn              (no ring)

@: lethally poisoned (-3 -> -36)
A: large, unfitting armour, claws 3, fast metabolism 3, gourmand, regeneration
1, shaggy fur 1, tough skin 2
a: no special abilities


You were on level 4 of the Dungeon.
You were very full.

You visited 1 branch of the dungeon, and saw 4 of its levels.

You collected 178 gold pieces.

Inventory:

Hand Weapons
 u - a +4 scythe of slicing (weapon)
 w - a +0 falchion
Armour
 a - a +0 robe (worn)
 b - a +0 hat (worn)
Jewellery
 g - a cursed amulet of the acrobat (around neck)
 o - a +4 ring of strength (left claw)
Scrolls
 j - 2 scrolls of fear {unknown}
 k - 2 scrolls of enchant weapon {unknown}
 n - a scroll of teleportation {unknown}
 p - 3 scrolls of fog {unknown}
 q - a scroll of magic mapping {unknown}
 r - 2 scrolls of remove curse {unknown}
 s - a scroll of immolation {unknown}
 t - a scroll of enchant armour {unknown}
Potions
 c - a potion of haste
 e - a potion of lignification
 f - 2 potions of agility
 h - 2 potions of curing {unknown}
 i - 2 potions of flight {unknown}
 l - a potion of ambrosia {unknown}
 m - 2 potions of mutation {unknown}
Comestibles
 d - 7 rations


   Skills:
 + Level 1.3 Fighting
 + Level 2.7 Polearms
 + Level 3.1 Dodging
 - Level 1.0 Stealth
 * Level 5.4 Unarmed Combat
 - Level 2.2 Spellcasting
 - Level 0.6 Conjurations
   Level 0.6 Summonings
   Level 0.6 Translocations


You had 9 spell levels left.
You knew the following spells:

 Your Spells              Type           Power        Failure   Level  Hunger
a - Magic Dart            Conj           #...         19%         1    #......

Your spell library contained the following spells:

 Spells                   Type           Power        Failure   Level  Hunger
 Blink                    Tloc           N/A          26%         2    ###....
 Call Imp                 Summ           #.......     26%         2    ###....
 Slow                     Hex            #.......     34%         2    ###....
 Conjure Flame            Conj/Fire      #.......     52%         3    ###....
 Mephitic Cloud           Conj/Pois/Air  #.......     54%         3    ###....


Dungeon Overview and Level Annotations

Branches:
Dungeon (4/15)
 Temple: D:4-7

Altars:
Gozag
Hepliaklqana
Qazlal
Ru
Zin
The Shining One

Shops:
D:4 *

Annotations:
D:4 Dowan


Innate Abilities, Weirdness & Mutations

You are too large for most types of armour.
You have claws for hands.
Your metabolism is lightning-fast.
You like to eat raw meat.
Your natural rate of healing is unusually fast.
You are covered in fur. (AC +1)
You have very tough skin. (AC +2)


Message History

Duvessa is severely wounded.
* * * LOW HITPOINT WARNING * * *
You feel extremely sick. Dowan barely misses you. Duvessa closely misses you.
Dowan hits you but does no damage.
You slash Duvessa!
Duvessa is almost dead.
* * * LOW HITPOINT WARNING * * *
You feel very sick. Duvessa barely misses you. Dowan barely misses you.
Duvessa hits you with a rapier of venom!
* * * LOW HITPOINT WARNING * * *
You are more poisoned.
Dowan smirks and points a slender finger.
Dowan barely misses you.
You slash Duvessa!
You kill Duvessa!
Dowan screams, "No!
No!"
Dowan seems to find hidden reserves of power!
You die...

#.#... ##.# .#.#...####
#.# ..........#####.# ##
.........<......# ...
#.........####..# ....
.#....#.####..#
.....####.#...<....##<.#
......e........#.#.##..#
......)@.###............
...^..##># #...#.#.#####
..... ##.###.......#
.#.. #.#........### #.
##.###..#### #
.######..# .........#
.#######.# #.#


You could see Dowan.

Vanquished Creatures
  Sigmund (D:2)
  Duvessa (D:4)
  A centaur (D:4)
  A phantom (D:4)
  2 orc priests (D:3)
  3 iguanas (D:4)
  An adder (D:2)
  An ooze (D:1)
  2 adder skeletons (D:4)
  2 worms
  2 dart slugs (D:2)
  4 leopard geckos
  7 orcs
  A ball python (D:3)
  5 bats
  6 giant cockroaches
  6 goblins
  3 hobgoblins
  7 jackals
  4 quokkas
  5 frilled lizards
  A jackal zombie (D:4)
  8 kobolds
  2 rats (D:1)
76 creatures vanquished.

Notes
Turn   | Place    | Note
-------+----------+-------------------------------------------
     0 | D:1      | JustaMe the Troll Wizard began the quest for the Orb.
     0 | D:1      | Reached XP level 1. HP: 16/16 MP: 2/2
     3 | D:1      | Noticed an electric eel
    13 | D:1      | Noticed an electric eel
   223 | D:1      | Reached XP level 2. HP: 23/24 MP: 4/4
   609 | D:1      | Found a glowing golden altar of the Shining One.
   865 | D:2      | Reached skill level 1 in Unarmed Combat
   971 | D:2      | Reached XP level 3. HP: 25/31 MP: 5/5
  1048 | D:2      | Found a glowing silver altar of Zin.
  1188 | D:2      | Reached skill level 2 in Unarmed Combat
  1368 | D:2      | Noticed Sigmund
  1379 | D:2      | Killed Sigmund
  1379 | D:2      | Reached skill level 4 in Unarmed Combat
  1379 | D:2      | Reached XP level 4. HP: 13/39 MP: 6/6
  1379 | D:2      | Reached XP level 5. HP: 15/45 MP: 7/7
  1616 | D:3      | Found a stormy altar of Qazlal.
  1965 | D:3      | Found a hazy altar of Hepliaklqana.
  1965 | D:3      | Found a sacrificial altar of Ru.
  2151 | D:3      | Reached XP level 6. HP: 52/54 MP: 8/8
  2443 | D:3      | Reached skill level 5 in Unarmed Combat
  2681 | D:4      | Reached skill level 1 in Polearms
  2801 | D:4      | Found an opulent altar of Gozag.
  2803 | D:4      | Found Gozag's Platinum Reserve.
  3003 | D:4      | Reached skill level 1 in Fighting
  3078 | D:4      | Reached XP level 7. HP: 43/62 MP: 9/9
  3233 | D:4      | Noticed Duvessa
  3234 | D:4      | Noticed Dowan
  3240 | D:4      | HP: 3/62 [Duvessa/rapier of venom (7)]
  3241 | D:4      | Killed Duvessa
  3241 | D:4      | Succumbed to Duvessa's poison

Skill      XL: |  1  2  3  4  5  6 |
---------------+-------------------+-----
Unarmed Combat | 1 4 5 |  5.4
Dodging        | 2 3 |  3.1
Polearms       | 2 |  2.7
Fighting       | 1 |  1.3
Stealth        | |  1.0
Spellcasting   | |  2.2
Conjurations   | |  0.6
Summonings     | |  0.6
Translocations | |  0.6

Action                   |  1- 3 |  4- 6 |  7- 9 || total
-------------------------+-------+-------+-------++-------
Melee: Unarmed           |   107 |       |       ||   107
       Punch             |     1 |       |       ||     1
       Scythe            |       |   123 |    10 ||   133
 Cast: Magic Dart        |     1 |       |       ||     1
  Use: Scroll            |     3 |       |       ||     3
 Stab: Sleeping          |     1 |     2 |       ||     3
  Eat: Chunk             |    12 |    19 |       ||    31
       Ration            |     1 |       |       ||     1
Armor: Robe              |    22 |    61 |     1 ||    84
Dodge: Dodged            |    54 |   121 |    11 ||   186
